 Dungeon Sprint DCSS version 0.21.1-1-g345015f (webtiles) character file.

17611 Psiloshibe the Warrior (level 12, 0/116 HPs)
             Began as a Barachi Berserker on May 27, 2018.
             Was the Champion of Trog.
             Hit by a large rock thrown by a stone giant (16 damage)
             ... in the Dungeon (Sprint IX: "|||||||||||||||||||||||||||||").
             The game lasted 00:16:19 (1965 turns).

Psiloshibe the Warrior (Barachi Berserker)          Turns: 1965, Time: 00:16:20

Health: 0/116      AC: 23    Str: 19    XL:     12   Next: 49%
Magic:  8/13       EV: 13    Int:  7    God:    Trog [******]
Gold:   1815       SH: 14    Dex: 17    Spells: 11/11 levels left

rFire    + + .     SeeInvis .   b - +2 rapier (elec)
rCold    x . .     Gourm    .   J - +1 large shield
rNeg     . . .     Faith    .   I - +1 fire dragon scales
rPois    .         Spirit   .   N - +1 helmet
rElec    .         Reflect  .   A - +0 cloak
rCorr    .         Harm     .   G - +1 pair of gloves
MR       .....     NoTele   +   F - +1 pair of boots
Stlth    ..........             (no amulet)
HPRegen  0.29/turn              q - +2 ring of evasion
MPRegen  0.13/turn              (no ring)

@: starving, slow
A: +LOS, swims, slowness 1, strong legs 1
a: Hop, Berserk, Trog's Hand, Brothers in Arms, Burn Spellbooks, Renounce
Religion


You were in the Dungeon.
You worshipped Trog.
Trog was exalted by your worship.
You were starving.

You visited 1 branch You collected 1878 gold pieces.
You spent 63 gold pieces at shops.

Inventory:

Hand Weapons
 a - a +2 great sword of holy wrath
 b - a +2 rapier of electrocution (weapon)
 c - a +7 antimagic quick blade
 f - a +4 short sword of protection
 j - a +2 scimitar of holy wrath
 p - a +4 antimagic quick blade
 r - a +2 battleaxe of chopping
 x - a +5 quick blade
 D - the +11 plutonium sword {*Contam Stlth-}
   (Trog gifted it to you in the Dungeon)

   It causes magical contamination when unequipped.
   It makes you less stealthy.
 E - the +4 triple sword "Peolusorgh" {flame, rC+}
   (Trog gifted it to you in the Dungeon)

   It has been specially enchanted to burn those struck by it, causing extra
   injury to most foes and up to half again as much damage against particularly
   susceptible opponents.
   Big, fiery blades are also staple armaments of hydra-hunters.
   It protects you from cold.
Missiles
 B - 5 javelins (quivered)
 H - 2 javelins of returning
Armour
 A - a +0 cloak (worn)
 F - a +1 pair of boots (worn)
 G - a +1 pair of gloves (worn)
 I - +1 fire dragon scales (worn)
 J - a +1 large shield (worn)
 N - a +1 helmet (worn)
Jewellery
 n - a +3 ring of intelligence
 q - a +2 ring of evasion (left hand)
 w - an uncursed ring of fire
 z - an uncursed ring of ice
 C - an uncursed ring of protection from magic
Wands
 m - a wand of acid (4)
Scrolls
 i - 4 scrolls of blinking
 l - 2 scrolls of remove curse
 o - 2 scrolls of enchant weapon
 u - 5 scrolls of fear
 v - a scroll of identify
 K - a scroll of immolation {unknown}
Potions
 d - 7 potions of curing
 e - 5 potions of heal wounds
 g - 5 potions of magic
 h - a potion of berserk rage
 k - a potion of invisibility
 s - a potion of might
 t - a potion of agility
 L - a potion of flight {unknown}
 M - a potion of brilliance {unknown}
Comestibles
 y - 11 rations


   Skills:
 * Level 18.2 Fighting
 * Level 15.2(17.9) Short Blades
 * Level 17.4(19.7) Long Blades
 * Level 5.9 Throwing
 * Level 14.2 Armour
 + Level 9.8 Dodging
 + Level 1.6 Stealth
 + Level 1.6 Shields
 * Level 8.3 Unarmed Combat
 + Level 1.3 Evocations


You had 11 spell levels left.
You didn't know any spells.

Dungeon Overview and Level Annotations

Branches:
Dungeon (1/1)

Altars:
Cheibriados
Dithmenos
Elyvilon
Fedhas
Gozag
Hepliaklqana
Kikubaaqudgha
Makhleb
Nemelex Xobeh
Okawaru
Qazlal
Ru
Sif Muna
Trog
Uskayaw
Vehumet
Wu Jian
Xom
Yredelemnul
Zin
The Shining One
Beogh
Jiyva
Lugonu

Shops:
D !**?


Innate Abilities, Weirdness & Mutations

Shadows flee at your approach. (+LOS)
You can swim through water.
You cover ground slowly.
You can hop short distances.


Message History

The ettin is almost dead.
The bolt of acid hits the shadow imp.
The shadow imp is splashed with acid.
The acid corrodes the shadow imp!
You kill the shadow imp!
Trog accepts your kill. Something appears at your feet!
Trog grants you a weapon! The ettin barely misses you. x2
Evoke which item? (* to show all) (? for menu, Esc to quit)
Aiming: Corrosive Bolt
Press: ? - help, Shift-Dir - straight line, f/p - ettin
Aim: an ettin, wielding a great mace and a dire flail (almost dead, covered in acid)
The bolt of acid hits the ettin.
The ettin is splashed with acid.
The acid corrodes the ettin!
You kill the ettin!
Trog accepts your kill.
The bolt of acid hits the stone giant.
The stone giant is splashed with acid.
The stone giant is lightly wounded.
The stone giant throws a large rock.
The large rock hits you!
You die...

▓▓▓▓▓▓▓▓▓▓▓▓▓▓▓▓▓▓▓▓▓▓▓▓▓▓▓▓▓▓▓▓▓
.Zc()GZ..ZZc.C.)@[.[.[[...)))))))
▓▓▓▓▓▓▓▓▓▓▓▓▓▓▓▓▓▓▓▓▓▓▓▓▓▓▓▓▓▓▓▓▓
.................................
▓▓▓▓▓▓▓▓▓▓▓▓▓▓▓▓▓▓▓▓▓▓▓▓▓▓▓▓▓▓▓▓▓
∩$∩....([[)......))[.))).....)).)
▓▓▓▓▓▓▓▓▓▓▓▓▓▓▓▓▓▓▓▓▓▓▓▓▓▓▓▓▓▓▓▓▓
.................................
▓▓▓▓▓▓▓▓▓▓▓▓▓▓▓▓▓▓▓▓▓▓▓▓▓▓▓▓▓▓▓▓▓
......†††........'÷÷.......÷.....


You could see a stone giant, a yaktaur and 2 bat zombies.

Vanquished Creatures
  A frost giant (D)
  An ettin (D)
  A rakshasa (D)
  An ogre mage (D)
  2 two-headed ogres (D)
  Urug (D)
  2 deep trolls (D)
  An orc knight (D)
  A cyclops (D)
  4 black mambas (D)
  Joseph (D)
  A gargoyle (D)
  2 spiny frogs (D)
  4 trolls (D)
  2 slime creatures (D)
  A blink frog (D)
  3 hippogriffs (D)
  A wyvern (D)
  2 yaks (D)
  A basilisk (D)
  2 porcupines (D)
  A water moccasin (D)
  A sky beast (D)
  4 orc warriors (D)
  An ogre (D)
  A crocodile (D)
  A centaur (D)
  4 bullfrogs (D)
  A killer bee (D)
  A howler monkey (D)
  A crimson imp (D)
  2 orc priests (D)
  3 orc wizards (D)
  2 adders (D)
  A shadow imp (D)
  2 leopard geckos (D)
  6 orcs (D)
  A jackal (D)
  2 frilled lizards (D)
  A giant cockroach zombie (D)
  A kobold (D)
  A rat (D)
73 creatures vanquished.

Vanquished Creatures (collateral kills)
  A stone giant (D)
  2 ogre magi (D)
  An orc high priest (D)
  3 deep trolls (D)
  2 orc knights (D)
  An orc sorcerer (D)
  A spiny frog (D)
  2 trolls (D)
  2 tyrant leeches (D)
  2 blink frogs (D)
  A vampire mosquito (D)
  6 orc warriors (D)
  An orc (D)
25 creatures vanquished.

Vanquished Creatures (others)
  A spatial maelstrom (D)
1 creature vanquished.

Grand Total: 99 creatures vanquished

Notes
Turn   | Place    | Note
-------+----------+-------------------------------------------
     0 | D        | Psiloshibe the Barachi Berserker began the quest for the Orb.
     0 | D        | Reached XP level 1. HP: 18/18 MP: 1/1
     9 | D        | Banished a spatial maelstrom
    10 | D        | Reached skill level 4 in Fighting
    13 | D        | Reached ** piety under Trog
    29 | D        | Noticed a howler monkey
    37 | D        | Killed a howler monkey
    37 | D        | Reached skill level 6 in Fighting
    37 | D        | Reached XP level 2. HP: 22/28 MP: 2/2
    37 | D        | Reached XP level 3. HP: 27/34 MP: 3/3
    40 | D        | Reached *** piety under Trog
    42 | D        | Reached XP level 4. HP: 33/41 MP: 4/4
    70 | D        | Found a roughly hewn altar of Beogh.
    70 | D        | Found a snail-covered altar of Cheibriados.
    70 | D        | Found a shadowy altar of Dithmenos.
    70 | D        | Found a white marble altar of Elyvilon.
    70 | D        | Found a blossoming altar of Fedhas.
    70 | D        | Found an opulent altar of Gozag.
    70 | D        | Found a hazy altar of Hepliaklqana.
    71 | D        | Found a viscous altar of Jiyva.
    72 | D        | Found an ancient bone altar of Kikubaaqudgha.
    73 | D        | Found a corrupted altar of Lugonu.
    74 | D        | Found a burning altar of Makhleb.
    75 | D        | Found a sparkling altar of Nemelex Xobeh.
    76 | D        | Found an iron altar of Okawaru.
    77 | D        | Found a stormy altar of Qazlal.
    78 | D        | Found a sacrificial altar of Ru.
    79 | D        | Found a deep blue altar of Sif Muna.
    80 | D        | Found a bloodstained altar of Trog.
    81 | D        | Found a hide-covered altar of Uskayaw.
    82 | D        | Found a radiant altar of Vehumet.
    83 | D        | Found an ornate altar of the Wu Jian Council.
    84 | D        | Found a shimmering altar of Xom.
    85 | D        | Found a basalt altar of Yredelemnul.
    86 | D        | Found a glowing silver altar of Zin.
    87 | D        | Found a glowing golden altar of the Shining One.
   135 | D        | Noticed a centaur
   135 | D        | Noticed an ogre
   135 | D        | Noticed a two-headed ogre
   135 | D        | Noticed a sky beast
   135 | D        | Noticed a two-headed ogre
   140 | D        | Reached skill level 7 in Fighting
   151 | D        | Killed a two-headed ogre
   151 | D        | Reached **** piety under Trog
   151 | D        | Reached skill level 11 in Fighting
   151 | D        | Reached XP level 5. HP: 52/57 MP: 5/5
   151 | D        | Reached XP level 6. HP: 58/63 MP: 6/6
   151 | D        | Reached XP level 7. HP: 63/69 MP: 7/7
   157 | D        | HP: 2/69 [two-headed ogre/giant spiked club (19)]
   160 | D        | Killed a two-headed ogre
   160 | D        | Reached skill level 13 in Fighting
   160 | D        | Reached skill level 5 in Short Blades
   160 | D        | Reached XP level 8. HP: 7/79 MP: 8/8
   167 | D        | Reached ***** piety under Trog
   341 | D        | Noticed a cyclops
   341 | D        | Noticed a troll
   345 | D        | Killed a troll
   345 | D        | Reached XP level 9. HP: 81/85 MP: 9/9
   348 | D        | Received a gift from Trog
   363 | D        | Killed a cyclops
   363 | D        | Reached skill level 14 in Fighting
   546 | D        | Noticed a black mamba
   549 | D        | Killed a black mamba
   555 | D        | Reached skill level 15 in Long Blades
   562 | D        | Received a gift from Trog
   566 | D        | Reached skill level 15 in Fighting
   566 | D        | Reached skill level 1 in Unarmed Combat
   566 | D        | Reached XP level 10. HP: 93/96 MP: 10/10
   583 | D        | Received a gift from Trog
   607 | D        | Noticed a black mamba
   625 | D        | Noticed a black mamba
   625 | D        | Reached skill level 10 in Armour
   630 | D        | Noticed a black mamba
   638 | D        | Killed a black mamba
   638 | D        | Reached skill level 10 in Short Blades
   651 | D        | Reached ****** piety under Trog
   656 | D        | Killed a black mamba
   656 | D        | Received a gift from Trog
   663 | D        | Killed a black mamba
   872 | D        | Noticed a spiny frog
   872 | D        | Noticed a spiny frog
   873 | D        | Noticed a spiny frog
   878 | D        | Killed a spiny frog
   878 | D        | Reached skill level 1 in Stealth
   888 | D        | Killed a spiny frog
   888 | D        | Reached skill level 1 in Evocations
   895 | D        | Killed a spiny frog
   895 | D        | Received a gift from Trog
   895 | D        | Reached XP level 11. HP: 104/104 MP: 3/11
   901 | D        | Reached skill level 16 in Fighting
   943 | D        | Noticed Joseph
   967 | D        | Killed Joseph
   980 | D        | Noticed Urug
  1008 | D        | Killed Urug
  1008 | D        | Reached skill level 1 in Throwing
  1008 | D        | Reached skill level 5 in Unarmed Combat
  1129 | D        | Received a gift from Trog
  1130 | D        | Found the +11 plutonium sword {*Contam Stlth-}
  1164 | D        | Received a gift from Trog
  1183 | D        | Got a brightly glowing triple sword {god gift}
  1184 | D        | Identified the +4 triple sword "Peolusorgh" {flame, rC+} (Trog gifted it to you in the Dungeon)
  1221 | D        | Noticed an orc sorcerer
  1221 | D        | Noticed an orc high priest
  1221 | D        | Noticed an orc knight
  1232 | D        | Killed an orc knight
  1240 | D        | Killed an orc high priest
  1247 | D        | Killed an orc sorcerer
  1247 | D        | Received a gift from Trog
  1254 | D        | Noticed an orc knight
  1263 | D        | Killed an orc knight
  1270 | D        | Noticed an orc knight
  1284 | D        | Killed an orc knight
  1362 | D        | Found Sununt's Magic Scroll Boutique.
  1362 | D        | Noticed an ogre mage
  1362 | D        | Noticed a deep troll
  1362 | D        | Noticed a stone giant
  1364 | D        | Noticed a deep troll
  1364 | D        | Received a gift from Trog
  1369 | D        | Found Kiuph's General Store.
  1370 | D        | Noticed an ogre mage
  1372 | D        | Noticed a deep troll
  1375 | D        | Killed a stone giant
  1375 | D        | Received a gift from Trog
  1376 | D        | Killed a deep troll
  1379 | D        | Killed an ogre mage
  1379 | D        | Reached skill level 17 in Fighting
  1381 | D        | Killed a deep troll
  1387 | D        | Killed an ogre mage
  1387 | D        | Received a gift from Trog
  1389 | D        | Killed a deep troll
  1409 | D        | Found Niaczatu's Assorted Antiques.
  1413 | D        | Found Veih's Distillery.
  1419 | D        | Noticed an ogre mage
  1420 | D        | Noticed a deep troll
  1423 | D        | Noticed a deep troll
  1426 | D        | Killed an ogre mage
  1426 | D        | Reached XP level 12. HP: 67/114 MP: 12/12
  1439 | D        | Bought a scroll labeled QIARUAK BOSM for 23 gold pieces
  1439 | D        | Bought a puce potion for 20 gold pieces
  1439 | D        | Bought a fizzy emerald potion for 20 gold pieces
  1818 | D        | Noticed a frost giant
  1827 | D        | Received a gift from Trog
  1833 | D        | Noticed a rakshasa
  1862 | D        | Reached skill level 5 in Throwing
  1897 | D        | Noticed an ettin
  1903 | D        | Killed a frost giant
  1903 | D        | Reached skill level 15 in Short Blades
  1909 | D        | Reached skill level 18 in Fighting
  1931 | D        | Killed a rakshasa
  1931 | D        | Received a gift from Trog
  1931 | D        | Reached skill level 1 in Shields
  1939 | D        | Noticed a stone giant
  1964 | D        | Received a gift from Trog
  1965 | D        | Killed an ettin
  1965 | D        | Hit by a large rock thrown by a stone giant

Skill      XL: |  1  2  3  4  5  6  7  8  9 10 11 12 |
---------------+-------------------------------------+-----
Fighting       | 6 11 13 15 17 18 | 18.2
Long Blades    | 6 12 13 14 15 16 17 | 17.4
Armour         | 3 6 7 8 9 11 13 14 | 14.2
Dodging        | 3 6 7 8 9 |  9.8
Short Blades   | 4 5 8 12 14 15 | 15.2
Unarmed Combat | 1 4 7 8 |  8.3
Stealth        | 1 |  1.6
Evocations     | 1 |  1.3
Throwing       | 4 5 |  5.9
Shields        | 1 |  1.6

Action                   |  1- 3 |  4- 6 |  7- 9 | 10-12 || total
-------------------------+-------+-------+-------+-------++-------
Melee: Falchion          |    21 |     4 |       |       ||    25
       Rapier            |       |    12 |    47 |   148 ||   207
       Quick blade       |       |       |       |   121 ||   121
       Punch             |       |       |       |     5 ||     5
       Triple sword      |       |       |       |    21 ||    21
Throw: Javelin           |       |       |       |     6 ||     6
Invok: Trog's Hand       |     1 |     1 |     2 |    11 ||    15
       Berserk           |     1 |     1 |       |       ||     2
       Brothers in Arms  |       |       |       |     5 ||     5
 Abil: Hop               |       |       |     1 |     1 ||     2
Evoke: Wand              |       |       |     2 |     4 ||     6
  Use: Potion            |       |     1 |     1 |     4 ||     6
       Scroll            |       |       |       |     1 ||     1
  Eat: Chunk             |       |       |     2 |     9 ||    11
Armor: Animal skin       |     1 |       |       |       ||     1
       Chain mail        |       |     4 |    12 |    43 ||    59
       Fire dragon scale |       |       |       |    15 ||    15
Dodge: Dodged            |    12 |    10 |    26 |    83 ||   131
Block: Large shield      |       |       |       |    23 ||    23
       Rpst.: Falchion   |     3 |     1 |       |       ||     4
